 Dungeon Crawl Stone Soup version 0.30-a0-1123-gabc949cf19 (webtiles) character file.

Game seed: 8763435689671324720

93 Arzdou the Firebug (level 4, -9/24 HPs)
             Began as a Gargoyle Fire Elementalist on Apr 22, 2023.
             Killed by divine providence
             ... invoked by an orc priest
              (14 damage)
             ... on level 3 of the Dungeon.
             The game lasted 00:05:09 (2913 turns).

Arzdou the Firebug (Gargoyle Fire Elementalist)     Turns: 2913, Time: 00:05:10

Health: -9/24      AC:  6    Str: 12    XL:     4   Next: 61%
Magic:  1/8        EV: 12    Int: 17    God:
Gold:   56         SH:  0    Dex: 13    Spells: 5/8 levels left

rFire   x . .        q - +8 dagger "Semet" {pain, rF- rN+ Dex+3 Stlth+}
rCold   . . .        (no shield)
rNeg    + + .        a - +0 robe
rPois   ∞            (no helmet)
rElec   +            (no cloak)
rCorr   .            (no gloves)
SInv    .            n - +0 pair of boots
Will    .....        (no amulet)
Stlth   +++          (no ring)
HPRegen 0.24/turn    (no ring)
MPRegen 0.11/turn

%: no passive effects
@: no status effects
A: sickness immunity, AC +3, negative energy resistance 1, electricity
resistance, torment resistance 1, petrification resistance
a: no special abilities


You were on level 3 of the Dungeon.
You visited 1 branch of the dungeon, and saw 3 of its levels.

You collected 56 gold pieces.

Inventory:

Hand Weapons
 c - a +0 dagger
 q - the +8 dagger "Semet" (weapon) {pain, rF- rN+ Dex+3 Stlth+}
   (You found it on level 2 of the Dungeon)

   Dex:       It affects your dexterity (+3).
   rF:        It makes you vulnerable to fire.
   rN:        It protects you from negative energy.
   Stlth:     It makes you more stealthy.
Missiles
 u - a throwing net
Armour
 a - a +0 robe (worn)
 n - a +0 pair of boots (worn)
Magical Staves
 m - a staff of earth
Scrolls
 e - a scroll of poison {unknown}
 f - a scroll of blinking
 h - a scroll of torment {unknown}
 k - a scroll of amnesia
 p - a scroll of enchant armour {unknown}
 t - a scroll of immolation {unknown}
 v - a scroll of identify {unknown}
Potions
 b - a potion of magic
 d - 3 potions of haste {unknown}
 g - 3 potions of flight {unknown}
 i - a potion of ambrosia {unknown}
 j - a potion of degeneration {unknown}
 l - a potion of attraction {unknown}
 o - a potion of brilliance {unknown}
 r - a potion of curing {unknown}
 s - a potion of heal wounds {unknown}


   Skills:
 + Level 0.2 Fighting
 + Level 1.9 Dodging
 + Level 2.2 Stealth
 + Level 0.1 Unarmed Combat
 + Level 2.8 Spellcasting
 * Level 2.3 Conjurations
 * Level 3.9 Fire Magic


You had 5 spell levels left.
You knew the following spells:

 Your Spells              Type           Power      Damage    Failure   Level
a - Foxfire               Conj/Fire      52%        2x1d6     4%          1
b - Scorch                Fire           30%        2d6       5%          2

Your spell library contained the following spells:

 Spells                   Type           Power      Damage    Failure   Level
 Inner Flame              Hex/Fire       9%         N/A       24%         3
 Volatile Blastmotes      Fire/Tloc      18%        2d11      24%         3
 Flame Wave               Conj/Fire      13%        2d6       43%         4


Dungeon Overview and Level Annotations

Branches:
Dungeon (3/15)

Altars:
Zin


Innate Abilities, Weirdness & Mutations

You are immune to sickness and miasma.
Your stone body is resilient. (AC +3)
You are immune to poison.
You resist negative energy. (rN+)
You are resistant to electric shocks. (rElec)
You are resistant to unholy torment.
You are immune to petrification.


Message History

Nothing appears to happen.
The gnoll hits you with a +0 flail!
You barely miss the gnoll. The gnoll hits you with a +0 flail.
You hit the gnoll.
The gnoll is moderately wounded.
The gnoll completely misses you.
The orc priest begins to cast a cantrip, but forgets the words!
You hit the gnoll.
The gnoll is severely wounded.
The orc priest begins to cast a cantrip, but forgets the words!
The gnoll hits you with a +0 flail.
Casting: Scorch (safe; 5% risk of failure)
Confirm with . or Enter, or press ? or * to list all spells.
Flames lash the gnoll.
You kill the gnoll!
The orc priest drinks a potion.
The orc priest flickers and vanishes!
Deactivating autopickup; reactivate with Ctrl-A.
You hit something. Something hits you but does no damage.
You barely miss something. Something hits you but does no damage.
Your magical contamination has completely faded away.
You completely miss something. Something hits you!
Casting: Scorch (safe; 5% risk of failure)
Confirm with . or Enter, or press ? or * to list all spells.
You can't see any susceptible monsters within range! (Use Z to cast anyway.)
Casting: Scorch (safe; 5% risk of failure)
Confirm with . or Enter, or press ? or * to list all spells.
Okay, then.
Casting: Scorch (safe; 5% risk of failure)
Confirm with . or Enter, or press ? or * to list all spells.
Flames lash something.
You hear something call down the wrath of Beogh upon you.
Pain shoots through your body!
* * * LOW HITPOINT WARNING * * *
You miss something. Something hits you.
* * * LOW HITPOINT WARNING * * *
You miss something. Something hits you but does no damage.
You closely miss something.
You hear something mumble some strange prayers to Beogh against you.
Beogh smites you!
Ouch! That really hurt!
You die...

## $.############
#.#.{@.......#
#.###.#.########.#########
.<.........## #..........
####........# #.########.
##.#g##..# #......# #.
###.# ..# #.####.# #. #o#
.# #.# #.# #.
...#..####.## #.###.
.............###.....


There were no monsters in sight!

Vanquished Creatures
  3 gnolls (D:3)
  3 adders
  2 orcs (D:3)
  An endoplasm (D:3)
  3 goblins
  A hobgoblin (D:2)
  3 quokkas
  5 ball pythons
  6 bats
  4 frilled lizards
  4 kobolds
  3 rats
38 creatures vanquished.

Vanquished Creatures (others)
  46 foxfires
  A plant (D:1)
47 creatures vanquished.

Grand Total: 85 creatures vanquished

Notes
Turn   | Place    | Note
-------+----------+-------------------------------------------
     0 | D:1      | Arzdou the Gargoyle Fire Elementalist began the quest for
                  | the Orb.
     0 | D:1      | Reached XP level 1. HP: 10/10 MP: 3/3
   838 | D:1      | Reached XP level 2. HP: 13/15 MP: 1/5
  1245 | D:1      | Learned a level 2 spell: Scorch
  1463 | D:2      | Identified the +8 dagger "Semet" {pain, rF- rN+ Dex+3
                  | Stlth+}
  1782 | D:2      | Reached XP level 3. HP: 19/19 MP: 3/6
  1976 | D:2      | Found a faded altar of an unknown god.
  2566 | D:3      | Found a glowing silver altar of Zin.
  2685 | D:3      | Reached XP level 4. HP: 18/24 MP: 0/7
  2913 | D:3      | Killed from afar by an orc priest

Illustrated notes

Levels and vault maps discovered:
D:1:      wander_arrival_fairy_ring, layout_basic, kennysheep_small_spiral,
          minmay_tiny_reverse_x
D:2:      layout_basic, hellmonk_ecumenical_altar_leap_of_faith,
          minmay_pentomino_r4
D:3:      layout_loops_ring, mainiacjoe_overflow_24_doors,
          kennysheep_generic_room_9

Skill      XL: |  1  2  3 |
---------------+----------+-----
Conjurations   | 2 |  2.3
Fighting       | |  0.2
Dodging        | |  1.9
Stealth        | |  2.2
Unarmed Combat | |  0.1
Spellcasting   | |  2.8
Fire Magic     | |  3.9

Action                     |  1- 3 |  4- 6 || total
---------------------------+-------+-------++-------
  Melee: Unarmed           |     5 |       ||     5
         Dagger            |    30 |    12 ||    42
   Cast: Foxfire           |    28 |       ||    28
         Scorch            |     9 |     6 ||    15
    Use: Scroll            |     2 |       ||     2
 Armour: Robe              |    18 |     3 ||    21
  Dodge: Dodged            |    33 |     5 ||    38

Table legend: (Time is in decaauts)
 A = Elapsed time spent in this place.
 B = Non-inter-level travel time spent in this place.
 C = Inter-level travel time spent in this place.
 D = Time resting spent in this place.
 E = Time spent auto-exploring this place.
 F = Levels seen in this place.
 G = Mean time per level.
                   A        B        C        D        E       F      G
               +--------+--------+--------+--------+--------+-----+--------+
         Total |   2911 |   2747 |    164 |     49 |   2353 |   3 |  970.3 |
       Dungeon |   2911 |   2747 |    164 |     49 |   2353 |   3 |  970.3 |
               +--------+--------+--------+--------+--------+-----+--------+

Top non-repeatable levels by time:
     D:1: 1282 daAuts
     D:2: 1082 daAuts
     D:3: 546 daAuts
